 Dungeon Crawl Stone Soup version 0.19.1 (webtiles) character file.

412 Gargoyl the Skirmisher (level 6, 0/52 HPs)
             Began as a Ghoul Abyssal Knight on Dec 8, 2016.
             Was a Priest of Lugonu.
             Slain by an iguana (3 damage)
             ... on level 3 of the Dungeon.
             The game lasted 00:08:27 (3487 turns).

Gargoyl the Skirmisher (Ghoul Abyssal Knight)       Turns: 3487, Time: 00:08:27

Health: 0/52       AC: 15    Str: 18    XL:     6   Next: 90%
Magic:  7/7        EV:  5    Int:  7    God:    Lugonu [***...]
Gold:   291        SH:  0    Dex:  8    Spells: 0 memorised, 5 levels left

rFire  . . .     SeeInvis .     a - +1 hand axe
rCold  + . .     Gourm    .     n - +0 plate armour
rNeg   + + +     Faith    .     (no shield)
rPois  ∞         Spirit   .     i - +0 helmet
rElec  .         Reflect  .     o - +0 cloak
rCorr  .         Harm     .     (no gloves)
MR     .....                    h - +0 pair of boots
Stlth  ..........               (no amulet)
                                (no ring)
                                (no ring)

@: rotting
A: rotting body, claws 1, carnivore 3, cold resistance 1, negative energy
resistance 3, slow regeneration 1, torment resistance, unbreathing
a: Depart the Abyss, Bend Space, Banish, Renounce Religion


You were on level 3 of the Dungeon.
You worshipped Lugonu.
Lugonu was most pleased with you.
You were not hungry.

You visited 1 branch of the dungeon, and saw 4 of its levels.
You visited the Abyss 1 time.

You collected 291 gold pieces.

Inventory:

Hand Weapons
 a - a +1 hand axe (weapon)
Missiles
 d - 3 tomahawks (quivered)
Armour
 h - a +0 pair of boots (worn)
 i - a +0 helmet (worn)
 n - a +0 plate armour (worn)
 o - a +0 cloak (worn)
Scrolls
 b - a scroll of random uselessness {unknown}
 e - 2 scrolls of identify
 g - 3 scrolls of teleportation
 j - a scroll of magic mapping
Potions
 m - a potion of brilliance
 p - a potion of resistance
Comestibles
 c - 4 meat rations


   Skills:
 + Level 4.2 Fighting
 + Level 3.7 Axes
 * Level 4.1 Armour
 + Level 1.2 Dodging
 * Level 3.6 Invocations


You had 5 spell levels left.
You didn't know any spells.

Dungeon Overview and Level Annotations

Branches:
Dungeon (4/15)
 Temple: D:4-7

Altars:
Okawaru

Annotations:
D:4 Iamburgie's ghost, amateur MiFi


Innate Abilities, Weirdness & Mutations

Your body is rotting away.
You thrive on raw meat.
You are immune to poison.
You have sharp fingernails.
You are carnivorous and can eat meat at any time.
Your flesh is cold resistant. (rC+)
You are immune to negative energy. (rN+++)
You regenerate slowly when monsters are visible.
You are immune to unholy pain and torment.
You can survive without breathing.


Message History

You hit the iguana.
The iguana is almost dead.
The iguana bites you.
You closely miss the iguana.
The iguana is almost dead.
The iguana bites you!
* * * LOW HITPOINT WARNING * * *
You closely miss the iguana.
The iguana is almost dead.
The iguana bites you!
* * * LOW HITPOINT WARNING * * *
The iguana bites you but does no damage.
Okay, then.
You hit the iguana but do no damage.
The iguana is almost dead.
The iguana bites you but does no damage.
Press: ? - help, Shift-Dir - straight line, f - iguana
Aim: an iguana (almost dead, chance to defeat MR: 87%)
You fail to use your ability.
The iguana bites you.
You die...

#.#.##.####(...##.......#
#.#.##.# #..####..###..#
#......# #..####.......#
###..######.......####.###
##.# #.....######.....#
####.####.....# #.#.#.#
#.......#.....# #...#.#
#.##.##.#....l# #..##.#
#....##.#....@# #..##.#
#.#####.####### #.....#
#.#####.# ######## ##.####
#.......###......# #.#
#........##.####.# #.#
########.##.####.####.#
#.##.##...))...#
#....|..#.######
####.####.#


You could see an iguana.

Vanquished Creatures
  The ghost of cheeroque the Chiller, an amateur GrIE (D:3)
  A crimson imp (D:3)
  Crazy Yiuf (D:2)
  2 orc wizards
  Robin (D:2)
  7 adders
  An ooze (D:2)
  2 worms (D:2)
  A dart slug (D:2)
  4 leopard geckos
  10 orcs
  3 ball pythons
  3 giant cockroaches
  16 goblins
  9 hobgoblins
  4 jackals (D:2)
  2 quokkas (D:3)
  10 bats
  2 frilled lizards (D:2)
  6 kobolds
  A leopard gecko skeleton (D:4)
  6 rats
93 creatures vanquished.

Notes
Turn   | Place    | Note
-------+----------+-------------------------------------------
     0 | Abyss:1  | Gargoyl the Ghoul Abyssal Knight began the quest for the Orb.
     0 | Abyss:1  | Reached XP level 1. HP: 19/19 MP: 1/1
    21 | Abyss:1  | Found a corrupted altar of Lugonu.
   117 | Abyss:1  | Found a corrupted altar of Lugonu.
   183 | Abyss:1  | Found a shadowy altar of Dithmenos.
   203 | Abyss:1  | Noticed a rust devil
   371 | Abyss:2  | Noticed a starcursed mass
   376 | D:1      | Escaped the Abyss
   533 | D:1      | Reached XP level 2. HP: 26/26 MP: 2/2
   844 | D:1      | Reached * piety under Lugonu
   994 | D:1      | Reached skill level 1 in Dodging
  1351 | D:2      | Noticed Robin
  1358 | D:2      | Reached XP level 3. HP: 24/31 MP: 3/3
  1394 | D:2      | Killed Robin
  1457 | D:2      | Reached XP level 4. HP: 35/40 MP: 4/4
  1685 | D:2      | Reached ** piety under Lugonu
  1743 | D:2      | Found an iron altar of Okawaru.
  1834 | D:2      | Found a runed door.
  1838 | D:2      | Noticed Crazy Yiuf
  1845 | D:2      | Killed Crazy Yiuf
  1845 | D:2      | Reached XP level 5. HP: 22/46 MP: 2/6
  2113 | D:3      | Noticed cheeroque's ghost (amateur GrIE)
  2162 | D:3      | Killed cheeroque's ghost
  2162 | D:3      | Reached XP level 6. HP: 20/51 MP: 7/7
  3281 | D:4      | Reached *** piety under Lugonu
  3307 | D:4      | Noticed Iamburgie's ghost (amateur MiFi)
  3487 | D:3      | Slain by an iguana

Skill      XL: |  1  2  3  4  5  6 |
---------------+-------------------+-----
Axes           | 2 3 |  3.7
Armour         | 2 3 4 |  4.1
Dodging        | 1 |  1.2
Invocations    | 3 |  3.6
Fighting       | 4 |  4.2

Action                   |  1- 3 |  4- 6 || total
-------------------------+-------+-------++-------
Melee: Hand axe          |   108 |   355 ||   463
Invok: Depart the Abyss  |     1 |       ||     1
  Use: Potion            |     2 |     3 ||     5
       Scroll            |       |     8 ||     8
  Eat: Chunk             |    11 |    21 ||    32
Armor: Chain mail        |   151 |    43 ||   194
       Plate armour      |       |   243 ||   243
Dodge: Dodged            |    62 |    95 ||   157
